 Dungeon Crawl Stone Soup version 0.31-a0-977-gc230f8ef24 (webtiles) character file.

Game seed: 7396702994617926439

214235 Gladio the Champion of Chaos (level 18, -3/151 HPs)
             Began as a Demonspawn Fighter on Oct 29, 2023.
             Was the Champion of Makhleb.
             Blown up by a great orb of eyes (50 damage)
             ... with a mindburst bolt
             ... on level 1 of the Vaults.
             The game lasted 01:09:47 (31740 turns).

Gladio the Champion of Chaos (Demonspawn Fighter)  Turns: 31740, Time: 01:09:48

Health: -3/151     AC: 34    Str: 28    XL:     18   Next: 29%
Magic:  0/32       EV:  8    Int: 11    God:    Makhleb [******]
Gold:   1704       SH: 23    Dex: 14    Spells: 17/17 levels left

rFire   . . .        J - +3 demon whip (venom)
rCold   . . .        U - +0 tower shield
rNeg    . . .        E - +8 chain mail {ponderous}
rPois   .            (helmet restricted)
rElec   +            Z - +2 cloak
rCorr   .            s - +2 pair of gloves
SInv    +            G - +2 pair of boots of Rosh {rElec SInv Stlth-}
Will    +....        L - amulet of reflection Stlth
                     A - +6 ring of strength
HPRegen 0.45/turn    R - +4 ring of protection
MPRegen 0.46/turn

%: reflection, guardian spirit
@: corroded, fragile, studying Throwing, slow
A: horns 2, slimy green scales 2, spiny 2, magic shield, magic regeneration
}: 1/15 runes: barnacled
a: Renounce Religion, Minor Destruction, Lesser Servant of Makhleb, Major
Destruction, Greater Servant of Makhleb


You were on level 1 of the Vaults.
You worshipped Makhleb.
Makhleb was exalted by your worship.
You visited 7 branches of the dungeon, and saw 29 of its levels.
You also visited: Ossuary.

You collected 5254 gold pieces.
You spent 3550 gold pieces at shops.

Inventory:

Hand Weapons
 c - a +4 morningstar of protection
 J - a +3 demon whip of venom (weapon)
Missiles
 e - 19 javelins
 j - 10 silver javelins
 I - 9 throwing nets
Armour
 s - a +2 pair of gloves (worn)
 E - a +8 chain mail of ponderousness (worn)
 G - the +2 pair of boots of Rosh (worn) {rElec SInv Stlth-}
   (You found it on level 4 of the Shoals)

   rElec:     It insulates you from electricity.
   SInv:      It lets you see invisible.
   Stlth-:    It makes you less stealthy.
 H - a +2 kite shield
 U - a +0 tower shield (worn)
 Z - a +2 cloak (worn)
Jewellery
 n - a ring of willpower
 o - a +6 ring of strength
 r - an amulet of guardian spirit
 A - a +6 ring of strength (left hand)
 K - a +5 ring of evasion
 L - an amulet of reflection (around neck)
 R - a +4 ring of protection (right hand)
Wands
 b - a wand of flame (39)
 k - a wand of mindburst (34)
 t - a wand of digging (7)
 w - a wand of roots (20)
 Q - a wand of charming (13)
 S - a wand of acid (4)
Scrolls
 a - 3 scrolls of fear
 d - 5 scrolls of fog
 f - 3 scrolls of revelation
 g - 4 scrolls of enchant armour
 h - 2 scrolls of blinking
 l - 2 scrolls of immolation
 m - 3 scrolls of amnesia
 y - 8 scrolls of teleportation
 F - 6 scrolls of identify
 N - a scroll of noise
 O - 6 scrolls of poison
 P - 2 scrolls of brand weapon
 T - 2 scrolls of summoning
 Y - a scroll of torment
Potions
 i - a potion of lignification
 p - 9 potions of enlightenment
 q - 3 potions of magic
 u - 4 potions of invisibility
 v - 11 potions of curing
 x - 2 potions of might
 z - 5 potions of mutation
 B - 3 potions of attraction
 C - 8 potions of haste
 D - 2 potions of heal wounds
 M - 2 potions of cancellation
 V - 2 potions of resistance
 W - a potion of ambrosia
 X - 2 potions of berserk rage


   Skills:
 * Level 15.8 Fighting
 - Level 18.0 Maces & Flails
 + Level 13.9 Armour
 + Level 13.3 Shields
 - Level 20.0 Invocations


You had 17 spell levels left.
You didn't know any spells.
Your spell library contained the following spells:

 Spells                   Type           Power      Damage    Failure   Level
 Apportation              Tloc           0%         N/A       95%         1
 Sandblast                Erth           0%         2d4       95%         1
 Slow                     Hex            0%         N/A       95%         1
 Ensorcelled Hibernation  Hex/Ice        0%         N/A       99%         2
 Jinxbite                 Hex            0%         N/A       99%         2
 Passwall                 Tmut/Erth      0%         N/A       99%         2
 Poisonous Vapours        Pois/Air       0%         N/A       99%         2
 Sublimation of Blood     Necr           0%         N/A       99%         2
 Wereblood                Tmut           0%         N/A       99%         2
 Confusing Touch          Hex            0%         N/A       100%        3
 Dazzling Flash           Conj/Hex       0%         N/A       100%        3
 Frozen Ramparts          Ice            0%         1d1       100%        3
 Ozocubu's Armour         Ice            0%         N/A       100%        3
 Sigil of Binding         Hex            0%         N/A       100%        3
 Stone Arrow              Conj/Erth      0%         3d7       100%        3
 Swiftness                Air            0%         N/A       100%        3
 Tukima's Dance           Hex            0%         N/A       100%        3
 Vampiric Draining        Necr           0%         2d6       100%        3
 Brom's Barrelling Bould  Conj/Erth      0%         2d3       100%        4
 Dimensional Bullseye     Hex/Tloc       0%         N/A       100%        4
 Iskenderun's Mystic Bla  Conj/Tloc      0%         2d3       100%        4
 Passage of Golubria      Tloc           0%         N/A       100%        4
 Petrify                  Tmut/Erth      0%         N/A       100%        4
 Summon Ice Beast         Ice/Summ       0%         N/A       100%        4
 Agony                    Necr           0%         N/A       100%        5
 Alistair's Intoxication  Tmut/Pois      0%         N/A       100%        5
 Irradiate                Conj/Tmut      0%         3d11      100%        5
 Metabolic Englaciation   Hex/Ice        0%         N/A       100%        5
 Silence                  Hex/Air        0%         N/A       100%        5
 Summon Mana Viper        Hex/Summ       0%         N/A       100%        5
 Yara's Violent Unravell  Hex/Tmut       0%         3d3       100%        5
 Monstrous Menagerie      Summ           0%         N/A       100%        7
 Ozocubu's Refrigeration  Ice            0%         4d7       100%        7
 Lehudib's Crystal Spear  Conj/Erth      0%         10d2      100%        8
 Summon Horrible Things   Summ           0%         N/A       100%        8


Dungeon Overview and Level Annotations

Branches:
Dungeon (15/15)            Temple (1/1) D:5            Lair (5/5) D:11
 Shoals (4/4) Lair:2        Snake (1/4) Lair:2        Slime (0/5) Lair:5
    Orc (2/2) D:9             Elf (0/3) Orc:2        Vaults (1/5) D:14
 Depths (0/4) D:15        Ossuary (visited)

Altars:
Ashenzari
Cheibriados
Dithmenos
Fedhas
Gozag
Hepliaklqana
Kikubaaqudgha
Makhleb
Nemelex Xobeh
Okawaru
Qazlal
Ru
Sif Muna
Trog
Uskayaw
Vehumet
Wu Jian
Xom
Yredelemnul
Jiyva

Shops:
D:2 =!   D:9 [   D:10 :   Orc:2 *[=!   Shoals:1 *   Shoals:2 *   Vaults:1 (

Portals:
Hell: Lair:5

Annotations:
D:9 1 transporter
D:14 1 runed translucent door, Samm's ghost, journeyman MiMo


Innate Abilities, Weirdness & Mutations

You have a pair of horns on your head.
You are mostly covered in slimy green scales. (AC +3)
You are mostly covered in sharp spines.
When hurt, damage is shared between your health and your magic reserves.
You regenerate magic rapidly.


Message History

The ironbound thunderhulk is heavily wounded.
You block the great orb of eyes's attack.
You block the vault guard's attack.
You hit the ironbound thunderhulk.
The ironbound thunderhulk is heavily wounded.
You block the ironbound thunderhulk's attack.
You block the vault guard's attack.
The great orb of eyes is struck by your spines.
The great orb of eyes bites you but does no damage.
You hit the great orb of eyes.
The great orb of eyes is poisoned.
You headbutt the great orb of eyes, but do no damage.
The great orb of eyes is heavily wounded.
You closely miss the ironbound thunderhulk.
The ironbound thunderhulk is heavily wounded.
The ironbound thunderhulk is struck by your spines.
The ironbound thunderhulk hits you but does no damage.
You block the vault guard's attack. The great orb of eyes bites you.
You hit the great orb of eyes but do no damage.
The great orb of eyes is severely wounded.
You block the great orb of eyes's attack.
The vault guard hits you with a +2 long sword.
You hit the vault guard but do no damage.
The vault guard is poisoned.
The vault guard is heavily wounded.
The ironbound thunderhulk hits you with a +0 great mace!
You closely miss the vault guard. The vault guard blocks your attack.
The vault guard is heavily wounded.
The vault guard is struck by your spines.
The vault guard hits you with a +2 long sword.
You block the great orb of eyes's attack.
You hit the ironbound thunderhulk.
The ironbound thunderhulk looks as sick as possible!
Your headbutt misses the ironbound thunderhulk.
The ironbound thunderhulk is severely wounded.
The vault guard hits you but does no damage.
Strange energies crackle from the ironbound thunderhulk's apparatus.
The ironbound thunderhulk blinks!
The great orb of eyes gazes at you.
Your mind is blasted!
You die...

#....## #...#
+....+ #....# ...
##..# ####'##
#....#.#[.#..#.#..#
#......
#....#....)...O#..#
#..###.
#....##.#.#.#.##
#.# ##
#....#.........# ##
#....#.#..#..#.#
#....#....Gp§.#
#....##.#.#@#.# #
#.....#......# .#
#.....##.#.#.# ..#
#......#....## ...#
#......##.#.# ....#
#.......###'#.....#
#..................
#..................
#..................


You could see an ironbound thunderhulk (extremely poisoned), a vault guard (very
poisoned) and a great orb of eyes (very poisoned).

Vanquished Creatures
  Norris (Vaults:1)
  Polyphemus (Shoals:2)
  2 vault wardens (Vaults:1)
  An angel (Shoals:3)
  4 ironbound preservers (Vaults:1)
  An orc warlord (Vaults:1)
  A formless jellyfish (Vaults:1)
  2 ironbound thunderhulks (Vaults:1)
  An apis (Shoals:3)
  A dire elephant (Vaults:1)
  5 merfolk javelineers (Shoals:4)
  An entropy weaver (Vaults:1)
  Josephine (D:10)
  14 merfolk impalers
  A rakshasa (D:13)
  A fire dragon (D:14)
  A hell beast (Lair:5)
  The ghost of topfpfpflanze the Nimble, a journeyman FeCj of Gozag (D:15)
  A spectral tengu (D:15)
  5 vault guards
  4 hydras
  2 catoblepae
  A merfolk avatar (Shoals:4)
  10 centaur warriors
  An alligator snapping turtle (Shoals:1)
  4 ogre magi
  4 boulder beetles
  3 ironbound frosthearts (Vaults:1)
  5 merfolk aquamancers
  15 two-headed ogres
  A spectral frost giant (D:15)
  4 satyrs
  A vampire mage (D:15)
  A death knight (D:15)
  A naga warrior (Snake:1)
  The ghost of dertzug the Grappler, a novice DrSh of Okawaru (D:10)
  Urug (Lair:4)
  A tengu warrior (D:15)
  6 death yaks
  An orc high priest (Orc:2)
  A holy swine (Shoals:4)
  3 storm dragon zombies (D:15)
  Nergalle (D:11)
  2 skeletal warriors (D:15)
  Amaemon (D:8)
  9 skysharks
  10 sea snakes
  A quicksilver dragon simulacrum (D:15)
  2 cherubim (Shoals:3)
  10 deep trolls (Vaults:1)
  A golden dragon zombie (D:15)
  14 harpies
  A glowing orange brain (D:14)
  A tengu zombie (D:15)
  4 orc knights
  An arcanist (Lair:5)
  4 deep elf pyromancers
  An ironbound convoker (Vaults:1)
  A necromancer (D:15)
  10 manticores
  2 orc sorcerers (Orc:1)
  A frost giant zombie (D:15)
  A mana viper (Snake:1)
  10 cyclopes
  21 ugly things
  11 fauns
  20 elephants
  4 merfolk sirens
  2 vault sentinels (Vaults:1)
  A rust devil (D:12)
  8 black mambas
  2 naga magi (Snake:1)
  4 water nymphs
  A torpor snail (Lair:4)
  2 gargoyles
  A guardian serpent (Snake:1)
  17 cane toads
  2 unseen horrors
  7 komodo dragons
  Jeremiah (D:6)
  2 orange demons
  4 rime drakes
  An efreet (D:13)
  A yaktaur (D:15)
  2 kobold demonologists (D:14)
  A spectral human (D:15)
  A tengu conjurer (D:15)
  An ice devil (Lair:5)
  A red devil (Lair:5)
  3 meliai (D:15)
  6 trolls
  19 merfolk
  3 wind drakes
  A hellwing (Lair:5)
  2 polar bears
  Grinder (D:3)
  A hornet (D:8)
  10 dream sheep
  5 blink frogs (Lair:1)
  A stone giant simulacrum (D:15)
  A fire giant simulacrum (D:15)
  9 snapping turtles
  10 slime creatures
  A shadow (D:11)
  A centaur simulacrum (D:15)
  6 water elementals
  5 wyverns
  6 wraiths
  4 basilisks
  59 yaks
  6 fire bats (Lair:4)
  A fire elemental (Lair:5)
  2 steam dragons
  5 vampire mosquitoes
  4 nagas (Lair:2)
  3 wargs
  3 acid dragons
  Edmund (D:4)
  12 water moccasins
  2 hell hounds (Lair:5)
  2 sky beasts (D:6)
  20 orc warriors
  An ice beast (shapeshifter) (D:14)
  An ice beast (D:8)
  4 black bears
  18 wolves
  21 ogres
  3 phantoms
  6 boggarts
  26 centaurs
  2 kobold brigands (D:9)
  12 bullfrogs
  4 scorpions
  2 wyvern zombies (Ossuary)
  3 gnoll sergeants
  A glowing shapeshifter simulacrum (D:15)
  3 water moccasin zombies (Ossuary)
  13 wights
  3 killer bees (D:10)
  5 howler monkeys
  5 centaur zombies (Ossuary)
  A lava snake (Lair:5)
  4 bullfrog zombies (Ossuary)
  A hound (D:4)
  17 orc priests
  3 jellies (D:6)
  Terence (D:3)
  2 iguanas (D:6)
  18 orc wizards
  A hell rat (Lair:5)
  3 killer bee zombies (Ossuary)
  15 mummies (Ossuary)
  2 howler monkey zombies (Ossuary)
  10 adders
  19 gnolls
  A shadow imp (D:6)
  2 white imps
  2 dart slugs
  66 orcs
  8 bats
  2 endoplasms
  3 giant cockroaches
  4 goblins
  5 hobgoblins
  2 jackals (D:2)
  3 quokkas
  5 ball pythons
  7 frilled lizards
  20 kobolds
  10 rats
908 creatures vanquished.

Vanquished Creatures (collateral kills)
  Saint Roka (Orc:2)
  2 dire elephants (Vaults:1)
  4 merfolk impalers
  A merfolk javelineer (Shoals:4)
  A hydra (Lair:5)
  A merfolk aquamancer (Shoals:4)
  An ogre mage (Orc:2)
  5 two-headed ogres (Orc:2)
  2 death yaks (Lair:5)
  A sea snake (Shoals:4)
  A cherub (Shoals:4)
  3 deep trolls (Vaults:1)
  A cyclops (Shoals:4)
  3 manticores
  An orc sorcerer (Orc:2)
  A merfolk siren (Shoals:4)
  A cane toad (Lair:5)
  A black mamba (Lair:5)
  3 orange demons (Lair:5)
  A merfolk (shapeshifter) (Vaults:1)
  12 merfolk
  A snapping turtle (Shoals:4)
  5 dream sheep (Lair:5)
  17 yaks (Lair:5)
  A basilisk (Lair:5)
  A warg (Orc:2)
  2 hell hounds (Lair:5)
  An orc warrior (Orc:2)
  9 ogres (Orc:2)
  A wolf (Lair:5)
  3 orc priests (Orc:2)
  4 orcs (Orc:2)
  A butterfly (Lair:5)
93 creatures vanquished.

Vanquished Creatures (others)
  A manticore (Shoals:4)
  A cyclops (D:13)
  An orc wizard (D:11)
  An orc (D:11)
  A butterfly (Lair:5)
5 creatures vanquished.

Grand Total: 1006 creatures vanquished

Notes
Turn   | Place    | Note
-------+----------+-------------------------------------------
     0 | D:1      | Gladio the Demonspawn Fighter began the quest for the Orb.
     0 | D:1      | Reached XP level 1. HP: 18/18 MP: 1/1
   318 | D:1      | Gained mutation: You are partially covered in sharp spines.
                  | [demonic ancestry]
   318 | D:1      | Reached XP level 2. HP: 23/24 MP: 2/2
   997 | D:2      | Gained mutation: You are partially covered in slimy green
                  | scales. (AC +2) [demonic ancestry]
   997 | D:2      | Reached XP level 3. HP: 29/29 MP: 3/3
  1290 | D:2      | Found Jeklep's Jewellery Shoppe.
  1446 | D:2      | Gained mutation: You are mostly covered in sharp spines.
                  | [demonic ancestry]
  1446 | D:2      | Reached XP level 4. HP: 35/35 MP: 4/4
  1449 | D:2      | HP: 1/35 [gnoll/+0 quarterstaff (7)]
  1699 | D:2      | Found Naihee Anun's Distillery.
  1702 | D:2      | Bought a potion of curing for 36 gold pieces
  1702 | D:2      | Bought a potion of heal wounds for 60 gold pieces
  1937 | D:3      | Noticed Terence
  1952 | D:3      | Killed Terence
  1953 | D:3      | Gained mutation: You regenerate magic rapidly. [demonic
                  | ancestry]
  1953 | D:3      | Reached XP level 5. HP: 39/42 MP: 5/5
  2041 | D:3      | Noticed Grinder
  2041 | D:3      | Paralysed by Grinder for 3 turns
  2055 | D:3      | Paralysed by Grinder for 4 turns
  2062 | D:3      | Killed Grinder
  2063 | D:3      | Reached XP level 6. HP: 7/48 MP: 6/6
  2757 | D:4      | Noticed Edmund
  2778 | D:4      | Killed Edmund
  2779 | D:4      | Reached XP level 7. HP: 11/55 MP: 7/7
  2956 | D:4      | Identified the +10 dagger of Iconoclasm {freeze, rC+}
  2981 | D:4      | Reached skill level 5 in Maces & Flails
  3129 | D:4      | Noticed an air elemental
  3132 | D:4      | Found a stormy altar of Qazlal.
  3136 | D:4      | Noticed a fire elemental
  3136 | D:4      | Noticed a water elemental
  3162 | D:4      | Found a sand-covered staircase.
  3192 | Ossuary  | Entered an ossuary
  3306 | Ossuary  | Reached skill level 5 in Fighting
  3355 | Ossuary  | Reached XP level 8. HP: 37/62 MP: 8/8
  3591 | Ossuary  | Reached skill level 5 in Armour
  4072 | D:5      | Entered Level 5 of the Dungeon
  4296 | D:5      | Found a staircase to the Ecumenical Temple.
  4367 | Temple   | Entered the Ecumenical Temple
  4405 | Temple   | Became a worshipper of Makhleb the Destroyer
  5112 | D:6      | Noticed Jeremiah
  5164 | D:6      | Reached skill level 1 in Invocations
  5164 | D:6      | Gained mutation: You have a pair of small horns on your
                  | head. [demonic ancestry]
  5164 | D:6      | Reached XP level 9. HP: 62/69 MP: 9/9
  5301 | D:6      | Reached skill level 2 in Invocations
  5341 | D:6      | Killed Jeremiah
  5342 | D:6      | Reached skill level 3 in Invocations
  5895 | D:5      | Identified a scroll of acquirement
  5895 | D:5      | Acquired 1045 gold pieces
  5973 | D:7      | Reached skill level 5 in Shields
  5989 | D:6      | Reached skill level 4 in Invocations
  6011 | D:6      | Reached * piety under Makhleb
  6017 | D:6      | Reached XP level 10. HP: 50/79 MP: 13/13
  6614 | D:8      | Noticed a two-headed ogre
  6871 | D:8      | Reached skill level 5 in Invocations
  7520 | D:9      | Noticed Amaemon
  7521 | D:9      | Noticed an orange demon
  7716 | D:8      | Killed a two-headed ogre
  7717 | D:8      | Reached skill level 6 in Invocations
  7750 | D:8      | Killed Amaemon
  7926 | D:9      | Reached ** piety under Makhleb
  7946 | D:8      | Killed an orange demon
  7965 | D:9      | Reached XP level 11. HP: 80/86 MP: 13/16
  8033 | D:9      | Found Loraraeme's Armour Shoppe.
  8033 | D:9      | Found a staircase to the Orcish Mines.
  8118 | D:9      | Reached skill level 10 in Maces & Flails
  8173 | D:9      | Found a transporter.
  8195 | D:9      | Found a viscous altar of Jiyva.
  8458 | D:10     | Entered Level 10 of the Dungeon
  8614 | D:10     | Noticed a boulder beetle
  8615 | D:10     | Noticed dertzug's ghost (novice DrSh)
  8618 | D:10     | Found a runed translucent gate.
  8618 | D:10     | Found a runed translucent gate.
  8618 | D:10     | Found a runed translucent gate.
  8650 | D:10     | Found Robimpav's Book Emporium.
  8661 | D:10     | Bought a manual of Invocations for 1280 gold pieces
  8689 | D:10     | Reached skill level 7 in Invocations
  8936 | D:10     | Found a sparkling altar of Nemelex Xobeh.
  9167 | D:11     | Noticed Josephine
  9169 | D:11     | Reached *** piety under Makhleb
  9278 | D:10     | Killed Josephine
  9383 | D:11     | Reached skill level 8 in Invocations
  9410 | D:11     | Found a staircase to the Lair.
  9912 | D:11     | Noticed Nergalle
  9912 | D:11     | Noticed a deep elf pyromancer
  9928 | D:11     | Killed Nergalle
  9928 | D:11     | Killed a deep elf pyromancer
 10036 | D:11     | Noticed a boulder beetle
 10060 | D:11     | Killed a boulder beetle
 10061 | D:11     | Reached skill level 9 in Invocations
 10265 | D:11     | Noticed a purple ugly thing
 10278 | D:11     | Killed a purple ugly thing
 10378 | D:11     | Noticed a red ugly thing
 10385 | D:11     | Killed a red ugly thing
 10522 | Lair:1   | Entered Level 1 of the Lair of Beasts
 10588 | Lair:1   | Reached XP level 12. HP: 95/95 MP: 19/19
 10679 | Lair:1   | Reached skill level 10 in Invocations
 10805 | Lair:1   | Reached **** piety under Makhleb
 11554 | Lair:2   | Reached skill level 11 in Invocations
 11760 | Lair:2   | Reached skill level 12 in Invocations
 11769 | Lair:2   | Reached skill level 10 in Fighting
 11960 | Lair:2   | Found a staircase to the Shoals.
 12325 | Lair:2   | Found a staircase to the Snake Pit.
 12647 | Lair:3   | Gained mutation: You are mostly covered in slimy green
                  | scales. (AC +3) [demonic ancestry]
 12647 | Lair:3   | Reached XP level 13. HP: 103/103 MP: 22/22
 13218 | Lair:4   | Reached skill level 13 in Invocations
 13516 | Lair:4   | Reached ***** piety under Makhleb
 13814 | Lair:4   | Noticed Urug
 13843 | Lair:4   | Killed Urug
 14398 | Lair:5   | Identified the "Yshoxkewn"
 14398 | Lair:5   | Entered Level 5 of the Lair of Beasts
 14436 | Lair:5   | Reached skill level 14 in Invocations
 14447 | Lair:5   | Reached skill level 10 in Armour
 14461 | Lair:5   | Found a viscous altar of Jiyva.
 14476 | Lair:5   | Found a staircase to the Slime Pits.
 14767 | Lair:5   | Gained mutation: You have a pair of horns on your head.
                  | [demonic ancestry]
 14767 | Lair:5   | Reached XP level 14. HP: 113/113 MP: 24/24
 15055 | Lair:5   | Reached skill level 15 in Invocations
 15245 | Lair:5   | Reached ****** piety under Makhleb
 15306 | Lair:5   | Found a burning altar of Makhleb.
 15479 | Lair:5   | Found a gateway to Hell.
 15967 | D:12     | You fall into a shaft and drop 1 floor!
 15988 | D:13     | Identified the +4 scimitar "Gladio's Death" {distort, rC+
                  | Will- Int+3}
 16307 | D:12     | Reached skill level 16 in Invocations
 16681 | D:12     | Found a burning altar of Makhleb.
 16705 | D:12     | Reached skill level 10 in Shields
 17731 | D:14     | Found a runed translucent door.
 17963 | D:14     | Identified the ring "Zeth" {Will+ MP+9 Str-2 Int+4}
 18190 | D:14     | Reached skill level 15 in Maces & Flails
 18210 | D:14     | Reached XP level 15. HP: 93/120 MP: 22/27
 18281 | D:14     | Found a gate to the Vaults.
 18368 | D:14     | Identified the +8 spear of the Blind Eye {venom, *Slow
                  | Dex+8}
 18370 | D:14     | Noticed Samm's ghost (journeyman MiMo)
 18476 | D:10     | Killed dertzug's ghost
 18610 | D:15     | Entered Level 15 of the Dungeon
 18731 | D:15     | Reached skill level 17 in Invocations
 19212 | D:15     | Found a staircase to the Depths.
 19741 | D:15     | Found a runed translucent gate.
 19741 | D:15     | Found a runed translucent gate.
 19741 | D:15     | Found a runed translucent gate.
 19748 | D:15     | Noticed topfpfpflanze's ghost (journeyman FeCj)
 19830 | D:15     | Killed topfpfpflanze's ghost
 19831 | D:15     | Reached skill level 18 in Invocations
 20858 | D:2      | Bought a potion of haste for 120 gold pieces
 20858 | D:2      | Bought a potion of curing for 36 gold pieces
 20858 | D:2      | Bought a potion of haste for 120 gold pieces
 20858 | D:2      | Bought a potion of heal wounds for 60 gold pieces
 20858 | D:2      | Bought 2 potions of curing for 72 gold pieces
 20858 | D:2      | Bought a potion of resistance for 120 gold pieces
 21003 | Orc:1    | Entered Level 1 of the Orcish Mines
 21105 | Orc:2    | Entered Level 2 of the Orcish Mines
 21162 | Orc:2    | Reached XP level 16. HP: 78/129 MP: 29/29
 21295 | Orc:2    | Found Jimon Istoeff's Armour Emporium.
 21295 | Orc:2    | Found Yschyith's Distillery.
 21296 | Orc:2    | Found Nossixah's Antique Armour Boutique.
 21296 | Orc:2    | Found Nuw Qef's General Store.
 21304 | Orc:2    | Found Esocs's Jewellery Shop.
 21345 | Orc:2    | Bought a potion of berserk rage for 65 gold pieces
 21345 | Orc:2    | Bought a potion of haste for 130 gold pieces
 21345 | Orc:2    | Bought a potion of invisibility for 104 gold pieces
 21345 | Orc:2    | Bought 2 potions of curing for 78 gold pieces
 21345 | Orc:2    | Bought a potion of heal wounds for 65 gold pieces
 21349 | Orc:2    | Bought a scroll of enchant weapon for 112 gold pieces
 21358 | Orc:2    | Found a staircase to the Elven Halls.
 21467 | Orc:2    | Noticed Saint Roka
 22190 | Orc:2    | Killed Saint Roka
 22894 | Orc:2    | Bought a faintly glowing scale mail for 234 gold pieces
 22894 | Orc:2    | Identified the +1 scale mail "Ikkey" {rC+ rN++ Int-3 SInv}
                  | (You bought it in a shop on level 2 of the Orcish Mines)
 22894 | Orc:2    | Bought a glowing scale mail for 182 gold pieces
 22894 | Orc:2    | Bought a runed plate armour for 676 gold pieces
 23034 | Snake:1  | Identified the "Kueruer"
 23034 | Shoals:1 | Entered Level 1 of the Shoals
 23570 | Lair:2   | Reached skill level 19 in Invocations
 23749 | Shoals:1 | Found Nocs's General Store.
 23917 | Shoals:1 | Identified the +6 sling of Ad Valorem {drain, SInv}
 24295 | Shoals:1 | Identified the +5 war axe of Conscience {holy, *Corrode
                  | rPois Dex+3}
 24803 | Shoals:2 | Found Hecirus's General Store.
 25341 | Shoals:3 | Noticed Polyphemus
 25551 | Shoals:2 | Killed Polyphemus
 25995 | Shoals:3 | Reached XP level 17. HP: 138/138 MP: 30/30
 26014 | Shoals:3 | Acquired 973 gold pieces
 26289 | Shoals:4 | Entered Level 4 of the Shoals
 27272 | Shoals:4 | Identified the +2 pair of boots of Rosh {rElec SInv Stlth-}
 27396 | Shoals:4 | Reached skill level 20 in Invocations
 27792 | Shoals:4 | Identified the +4 chain mail of the Merchant {rC+ Str+2}
 29687 | Shoals:4 | Got a barnacled rune of Zot
 30071 | Snake:1  | Entered Level 1 of the Snake Pit
 30388 | Vaults:1 | Entered Level 1 of the Vaults
 30423 | Vaults:1 | Noticed Norris
 30444 | Vaults:1 | Killed Norris
 30695 | Vaults:1 | Reached skill level 15 in Fighting
 30892 | Vaults:1 | Paralysed by a formless jellyfish for 1 turns
 30896 | Vaults:1 | Gained mutation: When hurt, damage is shared between your
                  | health and your magic reserves. [demonic ancestry]
 30896 | Vaults:1 | Reached XP level 18. HP: 58/149 MP: 32/32
 31190 | Vaults:1 | Found Kina's Weapon Shop.
 31612 | Vaults:1 | Identified the +3 leather armour "Umonn" {*Slow rF++}
 31740 | Vaults:1 | Blown up by a great orb of eyes

Illustrated notes

Levels and vault maps discovered:
D:1:      ldierk_walled_garden_2, layout_basic
D:2:      layout_loops_cross, serial_shops, nicolae_shop_crystal,
          nicolae_shop_real_fake_doors
D:3:      layout_basic, uniq_terence, uniq_grinder
D:4:      layout_rooms, nicolae_qazlal_style_of_elements,
          nicolae_ossuary_entry_ruins, lightli_corner_chamber, uniq_edmund
D:5:      layout_basic, minmay_temple_entry_trees
D:6:      layout_basic, uniq_jeremiah
D:7:      layout_cave_pools
D:8:      layout_gridville
D:9:      gammafunk_jiyva_shrine, layout_rooms, orc_david_3,
          chequers_serial_rivers_large_b, uniq_amaemon
D:10:     layout_roguey, mainiacjoe_overflow_brackets, gammafunk_ghost_split,
          serial_shops, nicolae_book_shop_shelving
D:11:     layout_stronghold, lair_entry_dummy, uniq_josephine, uniq_nergalle
D:12:     layout_roguey, amcnicky_mini_rare_corridor_liquid,
          kennysheep_minor_cross, demons_altar
D:13:     layout_irregular_city
D:14:     layout_rooms, hellmonk_vaults_order_and_chaos,
          ebering_ghost_funeral_grove, special_room [special_room_orc]
D:15:     gammafunk_depths_entry_grave, layout_layer_cave,
          gammafunk_ghost_necromancy, minmay_quadrilaterals
Temple:   mainiacjoe_temple_cubbyholes
Lair:1:   layout_chaotic_city, gauntlet_entry_generic
Lair:2:   layout_hall_layers, minmay_shoals_entry_centaurs,
          nicolae_snake_entry_squirm
Lair:3:   layout_chaotic_city
Lair:4:   layout_gridlike, nicolae_volcano_entry_batcave, uniq_urug
Lair:5:   evil_forest, layout_gridlike, slime_entry_1, lemuel_old_faithful,
          lemuel_fruit_fields, lemuel_fruit_tree, infiniplex_staircase_pool_2
Shoals:1: nicolae_shoals_island_circles, layout_shoals, serial_shops, shop,
          nicolae_shoals_square_sea_wall, nicolae_shoals_lost_giant_hut
Shoals:2: layout_shoals, serial_shops, shop, nicolae_shoals_shepherds
Shoals:3: layout_shoals, nicolae_shoals_loop_pool, uniq_polyphemus
Shoals:4: shoals_end_hellmonk_holy_island, serial_shops
Snake:1:  layout_onion, basic_altar, st_stairs_14, nicolae_wooded_promenade,
          nicolae_snake_omega
Orc:1:    layout_diamond_mine
Orc:2:    st_orc_ogre_mass, layout_diamond_mine, serial_shops, shop,
          nicolae_orc_tapped_out, uniq_saint_roka
Vaults:1: nicolae_vaults_storage_room_doors, vaults_mumra_chevron,
          ontoclasm_vaults_shuriken, nicolae_vaults_frosty_reception,
          ontoclasm_vaults_twist, nicolae_vaults_tetromino_Z_2,
          nicolae_vaults_trapezoid_2, v_misc_9, hangedman_vaults_nails,
          hangedman_vaults_nodes, nicolae_vaults_taking_the_gang_shopping,
          hangedman_vaults_nails, nicolae_vaults_storage_room_glass,
          vaults_room_grid, nicolae_vaults_bisected_slash, vaults_room_hallway,
          layout_vaults_omnicross, uniq_norris

Skill      XL: |  1  2  3  4  5  6  7  8  9 10 11 12 13 14 15 16 17 18 |
---------------+-------------------------------------------------------+-----
Maces & Flails | 2 3 4 5 7 8 9 11 12 13 15 16 17 18 | 18.0
Armour         | 3 4 5 6 7 8 9 10 11 12 13 | 13.9
Shields        | 3 4 5 6 7 8 9 10 11 12 13 | 13.3
Fighting       | 4 5 6 7 8 9 10 11 12 13 15 | 15.8
Invocations    | 1 4 6 9 12 14 16 18 19 20 | 20.0

Action                     |  1- 3 |  4- 6 |  7- 9 | 10-12 | 13-15 | 16-18 || total
---------------------------+-------+-------+-------+-------+-------+-------++-------
  Melee: Flail             |    81 |    67 |       |       |       |       ||   148
         Dire flail        |       |       |   223 |     6 |       |       ||   229
         Morningstar       |       |       |    30 |    80 |    97 |       ||   207
         Headbutt          |       |       |    14 |   148 |   370 |   361 ||   893
         Demon whip        |       |       |       |   516 |  1186 |  1307 ||  3009
  Throw: Dart              |       |     5 |       |       |       |       ||     5
         Javelin           |       |     3 |       |       |       |       ||     3
 Invoke: Minor Destruction |       |       |       |    62 |       |     4 ||    66
         Lesser Servant of |       |       |       |     1 |       |       ||     1
         Greater Servant o |       |       |       |       |     7 |    11 ||    18
         Major Destruction |       |       |       |       |    14 |    34 ||    48
  Evoke: Wand              |       |       |       |     4 |       |     1 ||     5
    Use: Scroll            |     3 |     3 |     9 |     9 |    10 |     8 ||    42
         Potion            |       |     5 |     1 |     4 |       |     4 ||    14
   Stab: Invisible         |       |       |       |     3 |       |       ||     3
         Distracted        |       |       |       |       |     5 |     1 ||     6
         Confused          |       |       |       |       |       |     2 ||     2
 Armour: Chain mail        |    42 |       |    71 |   463 |   782 |   882 ||  2240
         Scale mail        |     7 |       |       |       |       |       ||     7
         Plate armour      |    25 |    66 |   106 |       |       |       ||   197
  Dodge: Dodged            |    34 |     9 |    56 |   209 |   255 |   234 ||   797
         Repelled          |     1 |       |       |     4 |     3 |       ||     8
  Block: Buckler           |    26 |    17 |       |       |       |       ||    43
         Kite shield       |       |       |    23 |   391 |   714 |   900 ||  2028
         Reflection        |       |       |       |       |     3 |    85 ||    88
         Tower shield      |       |       |       |       |       |   317 ||   317

Table legend: (Time is in decaauts)
 A = Elapsed time spent in this place.
 B = Non-inter-level travel time spent in this place.
 C = Inter-level travel time spent in this place.
 D = Time resting spent in this place.
 E = Time spent auto-exploring this place.
 F = Levels seen in this place.
 G = Mean time per level.
                   A        B        C        D        E       F      G
               +--------+--------+--------+--------+--------+-----+--------+
         Total |  32518 |  29370 |   3148 |    611 |  23184 |  30 | 1083.9 |
       Dungeon |  15627 |  13873 |   1754 |    330 |  11193 |  15 | 1041.8 |
        Temple |     81 |      3 |     78 |      0 |      0 |   1 |   81.0 |
          Lair |   6243 |   5657 |    586 |      0 |   4614 |   5 | 1248.6 |
        Shoals |   6655 |   6233 |    422 |    111 |   4834 |   4 | 1663.8 |
     Snake Pit |     27 |     25 |      2 |      0 |      0 |   1 |   27.0 |
  Orcish Mines |   1985 |   1691 |    294 |    170 |   1207 |   2 |  992.5 |
        Vaults |   1280 |   1271 |      9 |      0 |    979 |   1 | 1280.0 |
       Ossuary |    615 |    615 |      0 |      0 |    355 |   1 |  615.0 |
               +--------+--------+--------+--------+--------+-----+--------+

Top non-repeatable levels by time:
Shoals:3: 3197 daAuts
    D:15: 1985 daAuts
  Lair:2: 1746 daAuts
  Lair:5: 1379 daAuts
Shoals:4: 1378 daAuts
Vaults:1: 1280 daAuts
     D:8: 1279 daAuts
    D:11: 1257 daAuts
  Lair:4: 1249 daAuts
Shoals:1: 1229 daAuts
     D:1: 1144 daAuts
     D:5: 1128 daAuts
  Lair:1: 1120 daAuts
   Orc:2: 1112 daAuts
    D:13: 1108 daAuts
